AoeStats
← CassianPrime

Arena

509497244Analyzed
2v2 RM · 4d ago on Sep 27, 2026· 40m 51s· 4 players
Game mode
Random Map
Map size
Medium (4 player)
Population
200
Speed
Normal
Resources
Standard
Victory
Conquest
Starting age
Dark Age
Ending age
Imperial Age
RankedLock teamsTeams togetherTeam positionsShared explorationLock speedFull tech treeHidden civsTurbo modeCheats
Victory
Defeat
🇮🇳 Varangians · India
1039
+12
🇨🇴 Hindustanis · Colombia
1007
+13
🇺🇸 Saxons · United States
946
-13
🇺🇸 Vietnamese · United States
945
-12
Uni0707
11:14 Feudal Age
11:55 Loom
16:02 Castle Age
13:57 Horse Collar
15:21 Double-Bit Axe
21:28 Heavy Plow
22:14 Bow Saw
22:49 Gold Mining
24:53 Wheelbarrow
25:52 Scale Barding Armor
25:59 Forging
26:02 Bloodlines
25:52 Husbandry
32:52 Imperial Age
30:37 Hand Cart
33:25 Cavalier
34:48 Conscription
33:50 Elite Jarl
37:07 Scale Mail Armor
37:43 Iron Casting
37:30 Chain Barding Armor
wodaza
10:37 Feudal Age
11:28 Double-Bit Axe
15:54 Castle Age
14:12 Stone Mining
17:50 Wheelbarrow
17:03 Pikeman
22:57 Gold Mining
24:31 Forging
25:39 Scale Mail Armor
32:18 Imperial Age
31:26 Iron Casting
30:42 Fletching
30:53 Padded Archer Armor
30:59 Scale Barding Armor
31:09 Chain Mail Armor
34:06 Chemistry
33:29 Elite Skirmisher
33:38 Light Cavalry
34:29 Bloodlines
37:38 Shatagni
37:40 Grand Trunk Road
40:44 Blast Furnace
40:00 Chain Mail Armor
40:26 Bodkin Arrow
CassianPrime
11:25 Feudal Age
13:47 Horse Collar
17:18 Castle Age
18:17 Heavy Plow
18:52 Double-Bit Axe
19:49 Gold Mining
20:11 Bow Saw
26:08 Gold Shaft Mining
31:43 Wheelbarrow
35:57 Imperial Age
34:33 Hand Cart
36:42 Man-at-Arms
37:08 Gambesons
37:24 Squires
36:44 Pikeman
iamthemikey.hardy
10:57 Feudal Age
11:50 Double-Bit Axe
11:56 Horse Collar
15:42 Wheelbarrow
16:33 Padded Archer Armor
16:25 Fletching
17:01 Gold Mining
17:02 Stone Mining
21:40 Castle Age
22:54 Bow Saw
22:49 Heavy Plow
22:14 Elite Skirmisher
23:00 Thumb Ring
26:05 Hand Cart
26:00 Light Cavalry
28:06 Crossbowman
35:07 Imperial Age
36:32 Ballistics
37:13 Chemistry
35:54 Treadmill Crane
36:20 Siege Engineers
37:42 Paper Money
37:11 Cavalier
38:44 Forging
38:39 Scale Barding Armor
Connection lost

Rejoining the realm…

Still unreachable

The connection could not be restored.

Session expired

The server has moved on; the page needs a fresh start.